 Dungeon Crawl Stone Soup version 0.25.0-11-g1f837a76a1 (webtiles) character file.

Game seed: 14488084677694743366

1397 Esekla the Cleaver (level 8, -8/72 HPs)
             Began as a Deep Dwarf Chaos Knight on June 25, 2020.
             Was a Believer of Elyvilon.
             Mangled by Prince Ribbit (13 damage)
             ... on level 7 of the Dungeon.
             The game lasted 00:54:30 (6605 turns).

Esekla the Cleaver (Deep Dwarf Chaos Knight)        Turns: 6605, Time: 00:54:31

Health: -8/72      AC:  8    Str: 18    XL:     8   Next: 41%
Magic:  19/19 (10) EV: 13    Int: 13    God:    Elyvilon [**....]
Gold:   223        SH:  8    Dex: 12    Spells: 12/12 levels left

rFire    . . .     SeeInvis .   z - +2 hand axe (vorpal)
rCold    . . .     Gourm    .   t - +0 buckler
rNeg     . . .     Faith    .   b - +2 leather armour
rPois    .         Spirit   .   (no helmet)
rElec    .         Reflect  .   (no cloak)
rCorr    .         Harm     .   u - +0 pair of gloves
MR       +....                  (no boots)
Stlth    +.........             (no amulet)
HPRegen  0.00/turn              f - ring of flight
MPRegen  0.16/turn              B - ring of magical power

@: about to teleport, non-regenerating
A: damage resistance, heal wounds, icy blue scales 1, large bone plates 1, sense
surroundings 1, subdued magic 1, MP-powered wands, no regeneration
a: Heal Wounds, Lesser Healing, Heal Other, Divine Protection, Renounce
Religion, Evoke Flight


You were on level 7 of the Dungeon.
You worshipped Elyvilon.
Elyvilon was pleased with you.
You were not hungry.

You visited 2 branches of the dungeon, and saw 8 of its levels.
You also visited: Sewer and Ossuary.

You collected 379 gold pieces.
You spent 156 gold pieces at shops.

Inventory:

Hand Weapons
 a - a +0 dagger
 z - a +2 vorpal hand axe (weapon)
 E - a +0 trident
Missiles
 n - 4 poisoned darts
 x - 4 boomerangs (quivered)
Armour
 b - a +2 leather armour (worn)
 t - a +0 buckler (worn)
 u - a +0 pair of gloves (worn)
Jewellery
 f - a ring of flight (left hand)
 B - a ring of magical power (right hand)
Wands
 r - a wand of polymorph (10)
 y - a wand of disintegration (12)
Scrolls
 e - a scroll of identify
 j - a scroll of random uselessness {unknown}
 k - 5 scrolls of remove curse {unknown}
 l - a scroll of noise {unknown}
 m - 5 scrolls of teleportation
 v - 3 scrolls of fog {unknown}
 w - 2 scrolls of enchant weapon {unknown}
 C - a scroll of blinking {unknown}
 D - a scroll of enchant armour {unknown}
 G - a scroll of fear {unknown}
Potions
 d - 3 potions of stabbing
 g - 5 potions of curing
 h - 4 potions of cancellation
 i - 2 potions of flight
 o - 2 potions of heal wounds
 p - 2 potions of magic
 q - a potion of might
 s - a potion of resistance
 A - a potion of haste
Comestibles
 c - 11 rations


   Skills:
 + Level 4.0 Fighting
 * Level 8.0 Axes
 * Level 4.4 Armour
 * Level 4.1 Dodging
 + Level 1.3 Stealth
 * Level 3.2 Shields
 * Level 2.5 Spellcasting
 + Level 0.6 Invocations
 + Level 0.3 Evocations


You had 12 spell levels left.
You didn't know any spells.
Your spell library was empty.

Dungeon Overview and Level Annotations

Branches:
Dungeon (7/15)             Temple (1/1) D:4           Sewer (visited)
Ossuary (visited)

Altars:
Ashenzari
Cheibriados
Dithmenos
Elyvilon
Fedhas
Gozag
Hepliaklqana
Kikubaaqudgha
Nemelex Xobeh
Okawaru
Qazlal
Ru
Sif Muna
Trog
Uskayaw
Vehumet
Wu Jian
Xom
Yredelemnul
Zin
The Shining One

Shops:
D:4 (

Annotations:
D:5 2 transporters, raith's ghost, novice DsFi
D:7 Prince Ribbit


Innate Abilities, Weirdness & Mutations

You are resistant to damage.
You can heal yourself by infusing magical energy.
You passively map a small area around you.
You do not regenerate.
You are partially covered in icy blue scales. (AC +2)
You are partially covered in large bone plates. (SH +4)
Your spells are a little easier to cast, but a little less powerful.
You expend magic power (3 MP) to strengthen your wands.


Message History

Okay, then.
You feel much better. You block the centaur's attack. Prince Ribbit hits you!!
* * * LOW HITPOINT WARNING * * *
You block the centaur's attack. Something hits you but does no damage.
The orc warrior hits you with a +0 battleaxe.
* * * LOW HITPOINT WARNING * * *
You hit the orc warrior but do no damage.
The orc warrior is almost dead.
You hit the black bear. You hit the centaur. You hit something.
You closely miss Prince Ribbit.
Your shield prevents you from hitting the orc.
You block Prince Ribbit's attack. The orc hits you with a +0 war axe.
* * * LOW HITPOINT WARNING * * *
The black bear closely misses you. You block the black bear's attack.
The black bear claws you but does no damage.
The centaur misses you. Something hits you. Something shocks you.
* * * LOW HITPOINT WARNING * * *
Prince Ribbit hits you!
You die...
Xom howls with laughter!

* ..... , #.##...##### *
,, #.......##.## ,, ,
#......#...# ## *
#..........###### ##. ,
,# #..........##.# #..
.).###......#...##.###..
,
.......Fo.(###..#...#...
*......{@o..###r##...#...
*
.####.c.h..##.o.........
,, #............#.......
, #..............##......
....###..........#......
, .... ##................
... ................. ..
, ).?.............. , ,*
#.........#####.


You could see Prince Ribbit, an orc warrior, a black bear, a centaur and an orc.

Vanquished Creatures
  2 hippogriffs
  A phantom (D:6)
  2 elf zombies (Ossuary)
  A water moccasin skeleton (D:7)
  A bullfrog zombie (D:7)
  A centaur zombie (D:6)
  3 hounds
  An orc priest (D:4)
  3 bullfrog skeletons
  A human zombie (Ossuary)
  An orc wizard (D:7)
  An iguana (D:7)
  4 worker ants
  A hound zombie (D:5)
  4 mummies (Ossuary)
  4 gnolls (D:2)
  A howler monkey skeleton (D:4)
  11 adders
  A shadow imp (D:7)
  An adder zombie (Ossuary)
  A worm (D:3)
  2 leopard geckos
  14 orcs
  5 ball pythons
  3 giant cockroaches (D:1)
  3 gnoll zombies (Ossuary)
  8 goblins
  2 hobgoblins (D:2)
  10 jackals
  4 quokkas
  4 bats
  6 frilled lizards
  A goblin zombie (Ossuary)
  2 hobgoblin zombies (Ossuary)
  A jackal zombie (Ossuary)
  7 kobolds
  A leopard gecko skeleton (D:4)
  An orc zombie (Ossuary)
  A quokka skeleton (D:4)
  9 rats
  8 plants (Sewer)
138 creatures vanquished.

Vanquished Creatures (collateral kills)
  A goblin (D:1)
1 creature vanquished.

Vanquished Creatures (others)
  A plant (Sewer)
1 creature vanquished.

Grand Total: 140 creatures vanquished

Notes
Turn   | Place    | Note
-------+----------+-------------------------------------------
     0 | D:1      | Esekla the Deep Dwarf Chaos Knight began the quest for the
                  | Orb.
     0 | D:1      | Reached XP level 1. HP: 20/20 MP: 1/1
   158 | D:1      | Reached XP level 2. HP: 27/27 MP: 2/2
   623 | D:3      | Found a glowing drain.
   640 | Sewer    | Entered a sewer
   658 | Sewer    | Reached XP level 3. HP: 29/33 MP: 3/3
   679 | Sewer    | Reached skill level 4 in Axes
  1000 | Sewer    | XOM: cloud trail
  1038 | Sewer    | Reached XP level 4. HP: 16/42 MP: 4/4
  1645 | Sewer    | XOM: silly message
  1771 | D:3      | XOM: potion effect (might)
  2041 | D:4      | XOM: confuse monster(s)
  2087 | D:4      | Reached skill level 1 in Spellcasting
  2096 | D:4      | Reached skill level 1 in Stealth
  2096 | D:4      | Reached XP level 5. HP: 43/49 MP: 6/6
  2220 | D:4      | Found a staircase to the Ecumenical Temple.
  2233 | Temple   | Entered the Ecumenical Temple
  2471 | Temple   | XOM: divination: detect creatures
  2555 | D:4      | Found a hide-covered altar of Uskayaw.
  2606 | D:4      | XOM: noise
  2617 | D:4      | Found a sacrificial altar of Ru.
  2675 | D:4      | Found a white marble altar of Elyvilon.
  2683 | D:4      | Fell from the grace of Xom
  2683 | D:4      | Became a worshipper of Elyvilon the Healer
  2685 | D:4      | Was placed under penance by Elyvilon
  3087 | D:2      | XOM: confusion
  3096 | D:2      | Reached skill level 5 in Axes
  3123 | D:2      | Found a glowing silver altar of Zin.
  3150 | D:2      | XOM: summons 3 hostile demons
  3237 | D:2      | Reached skill level 1 in Shields
  3280 | D:2      | XOM: summons 3 hostile shadow creatures
  3296 | D:2      | Was forgiven by Elyvilon
  3729 | D:4      | HP: 2/49 [hound (1)]
  3766 | D:4      | Found Kusa's Antique Weapon Shoppe.
  3896 | D:4      | Reached XP level 6. HP: 23/56 MP: 7/7
  4225 | D:4      | Bought a runed hand axe for 156 gold pieces
  4343 | D:5      | Entered Level 5 of the Dungeon
  4368 | D:5      | Found a transporter.
  4421 | D:5      | Found a sand-covered staircase.
  4428 | Ossuary  | Entered an ossuary
  4594 | Ossuary  | Reached skill level 6 in Axes
  4718 | D:5      | Reached XP level 7. HP: 20/62 MP: 8/8
  4889 | D:5      | Reached * piety under Elyvilon
  4976 | D:5      | Noticed raith's ghost (novice DsFi)
  4978 | D:5      | Found a transporter.
  5138 | D:5      | XOM: divination: detect items
  5139 | D:5      | Found a radiant altar of Vehumet.
  5210 | D:5      | XOM: summons 3 hostile shadow creatures
  5852 | D:5      | XOM: divination: magic mapping
  6140 | D:6      | Found an ancient bone altar of Kikubaaqudgha.
  6144 | D:6      | Found a snail-covered altar of Cheibriados.
  6149 | D:6      | Found an iron altar of Okawaru.
  6156 | D:6      | XOM: give mutations
  6156 | D:6      | Gained mutation: You are weak. (Str -2) [Xom's mischief]
  6156 | D:6      | Gained mutation: Scrolls take you a little longer to read.
                  | [Xom's mischief]
  6207 | D:6      | Reached skill level 7 in Axes
  6225 | D:6      | Lost mutation: Scrolls take you a little longer to read.
                  | [potion of mutation]
  6225 | D:6      | Lost mutation: You are weak. (Str -2) [potion of mutation]
  6225 | D:6      | Gained mutation: Your spells are a little easier to cast,
                  | but a little less powerful. [potion of mutation]
  6225 | D:6      | Gained mutation: You are partially covered in large bone
                  | plates. (SH +4) [potion of mutation]
  6225 | D:6      | Gained mutation: You are partially covered in icy blue
                  | scales. (AC +2) [potion of mutation]
  6225 | D:6      | Gained mutation: You expend magic power (3 MP) to
                  | strengthen your wands. [potion of mutation]
  6308 | D:7      | Noticed a hippogriff
  6324 | D:7      | Killed a hippogriff
  6324 | D:7      | Reached XP level 8. HP: 21/72 MP: 10/10
  6339 | D:7      | Reached ** piety under Elyvilon
  6386 | D:7      | Noticed a hippogriff
  6426 | D:6      | Killed a hippogriff
  6442 | D:7      | Reached skill level 8 in Axes
  6592 | D:7      | Noticed Prince Ribbit
  6603 | D:7      | Elyvilon protects you from harm!
  6605 | D:7      | Mangled by Prince Ribbit

Illustrated notes

Levels and vault maps discovered:
D:1:      lemuel_arrival_tunnels, layout_basic
D:2:      layout_basic, marbit_many_paths, minmay_indecisive_spiral
D:3:      layout_rooms, cheibrodos_sewer_entry_sluice
D:4:      layout_loops_corners, eat_drink_and_be_merry_uskayaw,
          elyvilon_altar_1, nicolae_ru_awakened_eye,
          minmay_temple_entry_antechambers, serial_shops, shop
D:5:      layout_loops_ring, basic_altar, gammafunk_ghost_arena, first_ration,
          nicolae_ossuary_entry_monument, dk_noncrumbling_2,
          kennysheep_minor_cross
D:6:      layout_basic, grunt_temple_overflow_diamond, st_stairs_4
D:7:      layout_cave_pools, uniq_prince_ribbit1, uniq_crazy_yiuf_cottage
Temple:   minmay_temple_curvy_branch

Skill      XL: |  1  2  3  4  5  6  7  8 |
---------------+-------------------------+-----
Fighting       | 3 4 |  4.0
Axes           | 4 5 6 7 8 |  8.0
Dodging        | 2 3 4 |  4.1
Spellcasting   | 1 2 |  2.5
Stealth        | 1 |  1.3
Armour         | 3 4 |  4.4
Shields        | 1 2 3 |  3.2
Invocations    | |  0.6
Evocations     | |  0.3

Action                   |  1- 3 |  4- 6 |  7- 9 || total
-------------------------+-------+-------+-------++-------
Melee: Hand axe          |    93 |   438 |   160 ||   691
Throw: Dart              |       |     2 |       ||     2
       Boomerang         |       |     4 |       ||     4
Invok: Lesser Healing    |       |       |    15 ||    15
 Abil: Stop Flying       |       |     3 |       ||     3
       Evoke Flight      |       |     3 |       ||     3
       Heal Wounds       |       |     3 |     1 ||     4
  Use: Scroll            |       |     3 |     9 ||    12
       Potion            |       |       |     2 ||     2
 Stab: Petrified         |     2 |       |       ||     2
       Paralysed         |       |     2 |       ||     2
  Eat: Chunk             |     1 |    11 |     4 ||    16
       Ration            |       |     1 |     1 ||     2
Armor: Leather armour    |    21 |    88 |    37 ||   146
Dodge: Dodged            |    57 |   168 |    84 ||   309
Block: Buckler           |       |    38 |    50 ||    88
